 Seeded DCSS version 0.28-a0-1159-g27aa881441 (webtiles) character file.

Game seed: 17594384465777151402 (custom seed)

119890 flotson the Fighter (level 16, 0/146 HPs)
             Began as a Demonspawn Gladiator on Dec 15, 2021.
             Was the Champion of Hepliaklqana.
             Succumbed to a redback's poison
             ... on level 1 of the Spider Nest.
             The game lasted 01:19:30 (29364 turns).

flotson the Fighter (Demonspawn Gladiator)         Turns: 29364, Time: 01:19:30

Health: 0/146      AC: 26    Str: 21    XL:     16   Next: 28%
Magic:  22/22      EV: 12    Int: 11    God:    Hepliaklqana [******]
Gold:   3128       SH: 15    Dex: 17    Spells: 15/15 levels left

rFire   + . .      SeeInvis .   j - +0 broad axe
rCold   + + .      Faith    .   u - +0 tower shield {rC+}
rNeg    . . .      Spirit   .   R - +2 plate armour {rPois}
rPois   +          Reflect  .   p - +2 hat
rElec   .          Harm     .   Y - scarf {rC+ rF+}
rCorr   .          Rampage  .   Z - +0 pair of gloves
Will    +....                   E - +0 pair of boots
Stlth   ..........              y - amulet of Vitality {Regen+ HP+15}
HPRegen 3.14/turn               h - +4 ring of evasion
MPRegen 0.18/turn               T - +4 ring of protection

@: lethally poisoned (0 -> -12)
A: reduced essence, ignite blood 1, powered by death 3, robust 1, big brain 1,
weakness stinger 2
a: Renounce Religion, Recall Ancestor, Ancestor Identity, Transference, Idealise


You were on level 1 of the Spider Nest.
You worshipped Hepliaklqana.
Hepliaklqana was exalted by your worship.
You visited 4 branches of the dungeon, and saw 24 of its levels.
You also visited: Ossuary, Ice Cave and Volcano.

You collected 4286 gold pieces.
You spent 1158 gold pieces at shops.

Inventory:

Hand Weapons
 a - the +11 rapier of Armageddon {vorpal, rN+ Int+4}
   (You found it on level 5 of the Dungeon)

   It inflicts extra damage upon your enemies.
   Int:       It affects your intelligence (+4).
   rN:        It protects you from negative energy.
 b - the +9 fustibalus of Hesizy {vorpal, *Slow rCorr Int+4}
   (You acquired it on level 2 of the Orcish Mines)

   Any ammunition fired from it inflicts extra damage upon your enemies.
   Int:       It affects your intelligence (+4).
   rCorr:     It protects you from acid and corrosion.
   *Slow:     It may slow you when you take damage.
 c - a +2 antimagic war axe
 j - a +0 broad axe (weapon)
 U - the +6 hand axe of the Puffball {vorpal, Str+4 SInv}
   (You found it on level 12 of the Dungeon)

   It inflicts extra damage upon your enemies.
   Str:       It affects your strength (+4).
   SInv:      It lets you see invisible.
Missiles
 d - 6 throwing nets (quivered)
 e - 172 stones
 C - 10 curare-tipped darts
 P - 77 sling bullets
 Q - 3 javelins
Armour
 p - a +2 hat (worn)
 u - a +0 tower shield of cold resistance (worn)
 E - a +0 pair of boots (worn)
 R - a +2 plate armour of poison resistance (worn)
 Y - a scarf of resistance (worn)
 Z - a +0 pair of gloves (worn)
Jewellery
 g - a +6 ring of strength
 h - a +4 ring of evasion (left hand)
 y - the amulet of Vitality (around neck) {Regen+ HP+15}
   (You acquired it on level 2 of the Orcish Mines)

   [amulet of regeneration]

   HP:        It affects your health (+15).
   Regen:     It increases your rate of health regeneration.
 T - a +4 ring of protection (right hand)
Wands
 f - a wand of acid (14)
 q - a wand of digging (9)
 r - a wand of flame (42)
 I - a wand of iceblast (9)
 W - a wand of polymorph (17)
Scrolls
 o - 3 scrolls of fog {unknown}
 s - 6 scrolls of immolation
 t - 8 scrolls of teleportation
 v - 3 scrolls of blinking {unknown}
 D - 3 scrolls of enchant weapon {unknown}
 F - 4 scrolls of torment
 G - 4 scrolls of magic mapping
 H - 4 scrolls of fear
 J - 4 scrolls of enchant armour
 M - 2 scrolls of amnesia {unknown}
 S - a scroll of holy word {unknown}
 V - a scroll of vulnerability {unknown}
 X - 2 scrolls of summoning {unknown}
Potions
 i - 4 potions of lignification
 k - a potion of ambrosia
 l - 2 potions of mutation
 m - 3 potions of curing
 n - 3 potions of attraction
 w - 2 potions of invisibility
 A - a potion of heal wounds
 B - 2 potions of berserk rage
 L - 4 potions of haste
 N - a potion of cancellation
 O - 4 potions of might
Miscellaneous
 x - a tin of tremorstones (2/2)
 z - a phial of floods


   Skills:
 + Level 13.3 Fighting
 - Level 2.6 Axes
 + Level 11.3(11.7) Slings
 - Level 4.1(8.4) Throwing
 + Level 11.9 Armour
 + Level 12.3 Dodging
 + Level 6.3 Shields
 - Level 9.1 Invocations
 + Level 12.3 Evocations


You had 15 spell levels left.
You didn't know any spells.
Your spell library contained the following spells:

 Spells                   Type           Power      Damage    Failure   Level
 Beastly Appendage        Tmut           0%         N/A       100%        1
 Sublimation of Blood     Necr           0%         N/A       100%        2
 Wereblood                Tmut           0%         N/A       100%        2
 Gell's Gravitas          Tloc           0%         N/A       100%        3
 Spider Form              Tmut/Pois      0%         N/A       100%        3
 Stone Arrow              Conj/Erth      0%         3d7       100%        3
 Teleport Other           Tloc           0%         N/A       100%        3
 Airstrike                Air            0%         N/A       100%        4
 Animate Armour           Summ/Erth      0%         N/A       100%        4
 Petrify                  Tmut/Erth      0%         N/A       100%        4
 Summon Lightning Spire   Summ/Air       0%         N/A       100%        4
 Irradiate                Conj/Tmut      0%         3d13      100%        5
 Lightning Bolt           Conj/Air       0%         1d11      100%        5
 Dispersal                Tloc           0%         N/A       100%        6
 Borgnjor's Revivificati  Necr           0%         N/A       100%        8
 Lehudib's Crystal Spear  Conj/Erth      0%         10d2      100%        8
 Necromutation            Tmut/Necr      0%         N/A       100%        8
 Death's Door             Necr           0%         N/A       100%        9


Dungeon Overview and Level Annotations

Branches:
Dungeon (15/15)            Temple (0/1) D:7            Lair (6/6) D:10
  Swamp (0/4) Lair:2       Spider (1/4) Lair:3        Slime (0/5) Lair:5
    Orc (2/2) D:10            Elf (0/3) Orc:2        Vaults (0/5) D:13
 Depths (0/4) D:15        Ossuary (visited)           IceCv (visited)
Volcano (visited)

Altars:
Cheibriados
Gozag
Hepliaklqana
Nemelex Xobeh
Okawaru
Sif Muna
Uskayaw

Shops:
D:8 (   D:10 =   Orc:2 [[!*


Innate Abilities, Weirdness & Mutations

Your life essence is reduced to manifest your ancestor. (-10% HP)
Your demonic aura sometimes causes spilled blood to erupt in flames.
You regenerate a lot of health from kills.
You are robust. (+10% HP)
You have an unusually large brain. (Int +2)
You have a tail ending in a sharp stinger.


Message History

The demonic crawler hits you but does no damage.
You block the demonic crawler's attack. The demonic crawler hits you.
* * * LOW HITPOINT WARNING * * *
The redback bites you but does no damage.
You feel better. The redback barely misses you.
The demonic crawler is engulfed in blazing flames.
The demonic crawler hits you but does no damage.
You block the demonic crawler's attack.
The demonic crawler hits you but does no damage.
You block the demonic crawler's attack.
The demonic crawler hits you but does no damage. x2
The redback bites you.
* * * LOW HITPOINT WARNING * * *
The redback barely misses you.
Unknown command.
You slash the redback!
You kill the redback!
You slash the demonic crawler!
You hit the demonic crawler but do no damage.
You closely miss the redback.
You block the demonic crawler's attack. x2
The demonic crawler hits you but does no damage. x3
The demonic crawler barely misses you. The redback bites you.
* * * LOW HITPOINT WARNING * * *
You are poisoned.
The redback poisons you!
The demonic crawler completely misses you.
The demonic crawler barely misses you. The demonic crawler misses you.
The demonic crawler hits you but does no damage.
The demonic crawler hits you!
* * * LOW HITPOINT WARNING * * *
You block the demonic crawler's attack.
The demonic crawler hits you but does no damage.
The demonic crawler barely misses you. You block the demonic crawler's attack.
The demonic crawler hits you but does no damage. x2
The demonic crawler closely misses you. The redback barely misses you.
You completely miss the tarantella.
The tarantella is moderately wounded.
You hit the demonic crawler but do no damage.
You barely miss the demonic crawler. You hit the redback.
You die...

..#.# ## .. ##.(..#^#
..# .(...#.# ..#
..(.(.#...# ##.(.. ...
###### #...(##.#
##....### ###.(†..#
##......^# #.^.sss.#
≈.......#####..s@..#
......####..†..##.....#
###.....##.....# .....#
##...†#...#### #.^>.#
#^..<....## ....#
#≈....(.## ....#
#≈≈≈#...≈≈.[ ......
#≈#...###### ###.[
###..≈≈


You could see 2 demonic crawlers, a tarantella and a redback.

Vanquished Creatures
  Saint Roka (Orc:2)
  Gastronok (D:8)
  A frost giant (D:15)
  An ironbound preserver (D:13)
  A war gargoyle (D:14)
  A white draconian (IceCv)
  9 hydras
  Harold (D:8)
  Erolcha (D:10)
  2 catoblepae (Lair:6)
  A boulder beetle (D:15)
  8 centaur warriors
  13 two-headed ogres
  3 ogre magi
  A death knight (D:15)
  9 death yaks
  3 tengu warriors
  Nergalle (D:10)
  4 skeletal warriors (D:12)
  Pikel (D:7)
  A bog body (Lair:2)
  2 deep trolls (Orc:2)
  A lindwurm (Lair:6)
  An orb spider (Spider:1)
  5 deep elf pyromancers (Orc:2)
  3 orc knights
  2 deep elf zephyrmancers (Orc:2)
  2 wolf spiders
  2 manticores
  4 ugly things
  2 orc sorcerers (Orc:1)
  10 cyclopes
  13 elephants
  2 rust devils (D:6)
  2 ice statues (IceCv)
  2 gargoyles (D:13)
  2 molten gargoyles (Volcano)
  A torpor snail (Lair:6)
  6 black mambas
  11 rime drakes
  Maggie (D:8)
  9 komodo dragons
  13 cane toads
  An efreet (D:8)
  2 demonic crawlers (Spider:1)
  2 yaktaurs (Volcano)
  9 trolls
  3 jumping spiders (Spider:1)
  Grinder (D:3)
  4 hornets
  6 dream sheep
  3 slime creatures (D:14)
  9 blink frogs
  15 wyverns
  6 redbacks (Spider:1)
  Eustachio (D:4)
  A tarantella (Spider:1)
  A vampire (D:7)
  2 steam dragons
  44 yaks
  A wraith (D:13)
  A fire bat (Volcano)
  Grum (D:9)
  9 basilisks
  6 vampire mosquitoes
  4 wargs
  15 water moccasins
  An acid dragon (D:8)
  2 hell hounds (Lair:2)
  2 ice beasts (D:8)
  25 orc warriors
  A sky beast (D:5)
  2 black bears
  25 ogres
  A boggart (shapeshifter) (D:13)
  9 centaurs
  21 wolves
  3 lemures (D:7)
  3 kobold brigands
  2 phantoms
  10 bullfrogs
  4 scorpions
  2 water moccasin zombies (Ossuary)
  2 wyvern zombies (Ossuary)
  A water moccasin skeleton (D:5)
  A hexer (Orc:1)
  5 killer bees
  4 lindwurm simulacra (IceCv)
  5 wights
  3 electric eels
  12 howler monkeys
  13 centaur zombies
  6 bullfrog zombies
  6 komodo dragon simulacra (IceCv)
  4 lava snakes
  Crazy Yiuf (D:3)
  14 orc priests
  4 hounds
  2 jellies
  A bullfrog skeleton (D:5)
  2 gnoll shamans (D:7)
  15 mummies (Ossuary)
  9 hell rats (Lair:4)
  5 iguanas
  23 orc wizards
  A killer bee zombie (Ossuary)
  A hound skeleton (D:5)
  2 howler monkey zombies (Ossuary)
  8 gnolls
  5 acid dragon simulacra (IceCv)
  12 adders
  A shadow imp (D:8)
  12 white imps (D:11)
  5 steam dragon simulacra (IceCv)
  3 ufetubi
  An adder skeleton (D:5)
  2 worms
  4 dart slugs
  68 orcs
  3 bats
  2 endoplasms
  A giant cockroach (D:2)
  4 goblins
  4 hobgoblins
  7 jackals
  13 kobolds
  3 quokkas
  A ball python (D:1)
  3 frilled lizards (D:1)
  3 rats
727 creatures vanquished.

Vanquished Creatures (collateral kills)
  A red draconian (Volcano)
  A centaur warrior (D:13)
  An ogre mage (Orc:2)
  4 two-headed ogres
  An orc high priest (Orc:1)
  A bog body (Lair:2)
  A deep elf pyromancer (Orc:2)
  A deep elf zephyrmancer (Orc:1)
  A manticore (Lair:6)
  A cyclops (D:11)
  An oklob plant (Orc:1)
  2 elephants
  2 cane toads
  2 unseen horrors
  A meliai (shapeshifter) (D:15)
  A tarantella (shapeshifter) (D:13)
  A redback (Spider:1)
  2 fire bats (Lair:2)
  10 yaks
  2 water moccasins (Lair:6)
  4 orc warriors
  A hornet zombie (D:8)
  An ogre (Orc:2)
  A bullfrog (Lair:3)
  A killer bee (D:8)
  A wight (D:9)
  4 lava snakes (Volcano)
  2 orc wizards (Orc:1)
  A hell rat (Lair:4)
  A steam dragon simulacrum (IceCv)
  10 orcs
  2 kobolds (D:11)
  A bush (Lair:3)
67 creatures vanquished.

Vanquished Creatures (others)
  A jumping spider (Spider:1)
  3 ancestors
  25 hexers
  A kobold (D:11)
  A bush (Lair:4)
  29 fungi
  42 plants
  2 withered plants (Ossuary)
104 creatures vanquished.

Grand Total: 898 creatures vanquished

Notes
Turn   | Place    | Note
-------+----------+-------------------------------------------
     0 | D:1      | flotson the Demonspawn Gladiator began the quest for the
                  | Orb.
     0 | D:1      | Reached XP level 1. HP: 16/16 MP: 1/1
   739 | D:1      | Gained mutation: You have a small tail. [demonic ancestry]
   739 | D:1      | Reached XP level 2. HP: 5/22 MP: 2/2
  1097 | D:1      | Found a faded altar of an unknown god.
  1192 | D:1      | Reached skill level 1 in Armour
  1608 | D:2      | Found a sparkling altar of Nemelex Xobeh.
  1626 | D:1      | Reached XP level 3. HP: 17/28 MP: 3/3
  2845 | D:3      | Reached XP level 4. HP: 33/34 MP: 4/4
  2887 | D:3      | Found a runed translucent door.
  2888 | D:3      | Noticed Crazy Yiuf
  3224 | D:3      | Reached skill level 3 in Fighting
  3529 | D:3      | Reached XP level 5. HP: 30/41 MP: 5/5
  3786 | D:3      | Noticed Grinder
  3803 | D:3      | Paralysed by Grinder for 2 turns
  3806 | D:3      | Killed Grinder
  3807 | D:3      | Gained mutation: Your demonic aura sometimes causes spilled
                  | blood to erupt in flames. [demonic ancestry]
  3807 | D:3      | Reached XP level 6. HP: 26/48 MP: 6/6
  4066 | D:4      | Noticed Eustachio
  4107 | D:4      | Identified the +8 hunting sling of Lepacso Cuha {freeze,
                  | rPois rC+}
  4130 | D:4      | Reached skill level 4 in Fighting
  4200 | D:4      | Gained mutation: You regenerate a little health from kills.
                  | [demonic ancestry]
  4200 | D:4      | Reached XP level 7. HP: 54/54 MP: 7/7
  4281 | D:4      | Killed Eustachio
  4956 | D:3      | Killed Crazy Yiuf
  5148 | D:5      | Entered Level 5 of the Dungeon
  5155 | D:5      | Reached skill level 1 in Evocations
  5235 | D:5      | Reached skill level 5 in Fighting
  5235 | D:5      | Reached skill level 1 in Slings
  5235 | D:5      | Reached XP level 8. HP: 62/62 MP: 8/8
  5329 | D:5      | Reached skill level 5 in Dodging
  5367 | D:5      | Identified the +11 rapier of Armageddon {vorpal, rN+ Int+4}
  5976 | D:6      | Gained mutation: You regenerate health from kills. [demonic
                  | ancestry]
  5976 | D:6      | Reached XP level 9. HP: 54/69 MP: 9/9
  5997 | D:5      | Noticed a rust devil
  5997 | D:5      | Noticed a rust devil
  6007 | D:6      | Reached skill level 6 in Fighting
  6281 | D:6      | Found an iron altar of Okawaru.
  7291 | D:6      | Killed a rust devil
  7292 | D:6      | Reached skill level 5 in Armour
  7634 | D:6      | Killed a rust devil
  7721 | D:6      | Found an iron altar of Okawaru.
  8457 | D:7      | Noticed Pikel
  8464 | D:7      | Killed Pikel
  8465 | D:7      | Reached skill level 7 in Fighting
  8465 | D:7      | Reached skill level 5 in Evocations
  8569 | D:7      | Reached XP level 10. HP: 79/79 MP: 10/10
  8608 | D:7      | Found a hazy altar of Hepliaklqana.
  8639 | D:7      | Became a worshipper of Hepliaklqana the Forgotten
  9118 | D:7      | Found a staircase to the Ecumenical Temple.
  9257 | D:8      | Noticed Harold
  9305 | D:8      | Noticed Maggie
  9308 | D:8      | Found a sand-covered staircase.
  9314 | Ossuary  | Entered an ossuary
  9464 | Ossuary  | Reached skill level 5 in Slings
  9694 | D:8      | Killed Maggie
  9884 | D:8      | Noticed a five-headed hydra
  9884 | D:8      | Noticed Gastronok
 10018 | D:9      | Noticed Grum
 10036 | D:9      | Reached skill level 8 in Fighting
 10041 | D:9      | Killed Grum
 10299 | D:8      | Reached * piety under Hepliaklqana
 10446 | D:8      | Found Elep's Antique Weapon Boutique.
 10655 | D:8      | Killed a five-headed hydra
 10656 | D:8      | Reached XP level 11. HP: 77/77 MP: 11/11
 11267 | D:8      | Killed Gastronok
 11966 | D:9      | Reached skill level 9 in Fighting
 12103 | D:10     | Entered Level 10 of the Dungeon
 12268 | D:10     | Found Suceer's Jewellery Emporium.
 12373 | D:10     | Found a snail-covered altar of Cheibriados.
 12373 | D:10     | Found a shimmering blue altar of Sif Muna.
 12480 | D:10     | Noticed Nergalle
 12499 | D:10     | Killed Nergalle
 12500 | D:10     | Reached skill level 1 in Invocations
 12510 | D:10     | Reached ** piety under Hepliaklqana
 12512 | D:10     | Remembered your ancestor Tihomir as a hexer
 12600 | D:10     | Found a staircase to the Lair.
 12775 | D:10     | Noticed Erolcha
 12780 | D:10     | Killed Erolcha
 12781 | D:10     | Gained mutation: You have a tail ending in a sharp stinger.
                  | [demonic ancestry]
 12781 | D:10     | Reached XP level 12. HP: 86/86 MP: 12/14
 12819 | D:10     | Found a staircase to the Orcish Mines.
 13100 | Lair:1   | Entered Level 1 of the Lair of Beasts
 13946 | Lair:2   | Noticed a four-headed hydra
 13950 | Lair:2   | Killed a four-headed hydra
 13987 | Lair:2   | Reached *** piety under Hepliaklqana
 14166 | Lair:2   | Found a dark tunnel.
 14194 | Volcano  | Entered a volcano
 14373 | Volcano  | Found a burning altar of Makhleb.
 14373 | Volcano  | Noticed a centaur warrior
 14381 | Volcano  | Reached skill level 5 in Invocations
 14387 | Volcano  | Killed a centaur warrior
 14388 | Volcano  | Reached skill level 10 in Fighting
 14497 | Volcano  | Noticed a red draconian
 14511 | Volcano  | Killed a red draconian
 15012 | Lair:2   | Found a staircase to the Swamp.
 15759 | Lair:3   | Gained mutation: You have an unusually large brain. (Int
                  | +2) [demonic ancestry]
 15759 | Lair:3   | Reached XP level 13. HP: 93/93 MP: 17/17
 16033 | Lair:3   | You fall into a shaft and drop 1 floor!
 16386 | Lair:4   | Reached skill level 10 in Dodging
 16530 | Lair:3   | Reached **** piety under Hepliaklqana
 16676 | Lair:3   | Found a hole to the Spider Nest.
 17417 | Lair:4   | Reached skill level 11 in Fighting
 17729 | Lair:5   | Found a staircase to the Slime Pits.
 18340 | Lair:5   | Reached skill level 10 in Evocations
 18355 | Lair:5   | Reached skill level 10 in Armour
 18364 | Lair:5   | Gained mutation: You are robust. (+10% HP) [demonic
                  | ancestry]
 18364 | Lair:5   | Reached XP level 14. HP: 93/113 MP: 20/20
 18628 | Lair:6   | Entered Level 6 of the Lair of Beasts
 19179 | Lair:6   | Reached ***** piety under Hepliaklqana
 19565 | Lair:6   | Reached skill level 1 in Shields
 20715 | D:8      | Killed Harold
 21024 | Orc:1    | Entered Level 1 of the Orcish Mines
 21029 | Orc:1    | You fall into a shaft and drop 1 floor!
 21029 | Orc:2    | Entered Level 2 of the Orcish Mines
 21074 | Orc:2    | Noticed Saint Roka
 21447 | Orc:1    | Noticed Sonja
 21464 | Orc:1    | Noticed Sonja
 21464 | Orc:1    | Sonja changed into Sonja the worm
 21471 | Orc:1    | HP: 5/114 [sixfirhy[an orc high priest] (10)]
 22169 | D:10     | Killed Sonja the worm
 22186 | Orc:1    | Reached skill level 10 in Slings
 22788 | Orc:2    | Reached skill level 12 in Fighting
 23054 | Orc:2    | Killed Saint Roka
 23540 | Orc:2    | Paralysed by an ogre mage for 4 turns
 23543 | Orc:2    | Gained mutation: You regenerate a lot of health from kills.
                  | [demonic ancestry]
 23543 | Orc:2    | Reached XP level 15. HP: 120/120 MP: 21/21
 23912 | Orc:2    | Found Weleh's Distillery.
 23921 | Orc:2    | Found Ihaiwnex's Antique Armour Shoppe.
 23927 | Orc:2    | Found Xiletasyse's Assorted Antiques.
 23940 | Orc:2    | Found Ymubeann's Armour Emporium.
 23945 | Orc:2    | Bought a scroll of identify for 52 gold pieces
 23945 | Orc:2    | Bought a scroll labelled KIWOKL UDWYKIUST for 26 gold
                  | pieces
 23962 | Orc:2    | Bought a dazzling plate armour for 840 gold pieces
 23962 | Orc:2    | Identified the +0 plate armour "Feoklits" {rN+ rCorr Str-5
                  | Dex+2} (You bought it in a shop on level 2 of the Orcish
                  | Mines)
 23962 | Orc:2    | Bought an embroidered scarf for 240 gold pieces
 24083 | Orc:2    | Found a staircase to the Elven Halls.
 24184 | Orc:2    | HP: 5/122 [deep elf zephyrmancer/bolt of lightning (23)]
 24692 | Orc:2    | Identified 4 scrolls of acquirement
 24889 | Orc:2    | Acquired the +9 fustibalus of Hesizy {vorpal, *Slow rCorr
                  | Int+4}
 24893 | Orc:2    | Acquired the amulet of Vitality {Regen+ HP+15}
 24893 | Orc:2    | Found the amulet of Vitality {Regen+ HP+15}
 24906 | Orc:2    | Acquired 752 gold pieces
 24908 | Orc:2    | Acquired 511 gold pieces
 24974 | D:11     | Found a frozen archway.
 24999 | IceCv    | Entered an ice cave
 26587 | D:12     | Reached skill level 5 in Shields
 26817 | D:12     | Identified the +6 hand axe of the Puffball {vorpal, Str+4
                  | SInv}
 27243 | D:13     | Found a gate to the Vaults.
 27598 | D:14     | Reached ****** piety under Hepliaklqana
 28094 | D:14     | Reached skill level 13 in Fighting
 28130 | D:15     | Entered Level 15 of the Dungeon
 28184 | D:15     | Found a hide-covered altar of Uskayaw.
 28345 | D:15     | Reached XP level 16. HP: 130/130 MP: 22/22
 28600 | D:15     | Found an opulent altar of Gozag.
 28837 | D:15     | Found a staircase to the Depths.
 29038 | D:15     | Upgraded the game from 0.28-a0-1152-g9c71ebef14 to
                  | 0.28-a0-1159-g27aa881441
 29256 | Spider:1 | Entered Level 1 of the Spider Nest
 29356 | Spider:1 | HP: 4/146 [redback (12)]
 29361 | Spider:1 | HP: 5/146 [redback (4)]
 29361 | Spider:1 | HP: 2/146 [demonic crawler (3)]
 29364 | Spider:1 | Succumbed to a redback's poison

Illustrated notes

Levels and vault maps discovered:
D:1:      roderic_crop_circles_arrival_small, layout_loops_corners,
          chequers_ecumenical_altar_simple
D:2:      layout_basic, basic_altar, serial_corexii_hall,
          chequers_hall_statues_y, corexii_hall_statues_x
D:3:      layout_rooms, uniq_grinder, uniq_crazy_yiuf_cottage
D:4:      layout_loops_cross, chequers_serial_rivers_room_a, uniq_eustachio
D:5:      cheibrodos_iron_armory, layout_rooms, nzn_random_ring
D:6:      layout_loops_ring, okawaru_gym_becter
D:7:      layout_gridville, mainiacjoe_overflow_boulevard,
          minmay_temple_entry_proselytizer, uniq_pikel
D:8:      cheibrodos_fzero, layout_basic, nicolae_ossuary_entry_plus,
          serial_shops, nicolae_shop_hallway_stairs, uniq_harold,
          uniq_gastronok, uniq_maggie
D:9:      layout_cave_pools, uniq_grum
D:10:     layout_roguey, gammafunk_temple_overflow_pools, erik_lair_dragon,
          serial_shops, shop, uniq_nergalle, uniq_erolcha
D:11:     layout_long_grid, portal_ice_cave_entry_imps
D:12:     layout_irregular_city
D:13:     layout_cross, skrybe_vaults_entry_preservation, minivault_19
D:14:     layout_cave_pools, grunt_decor_cap, kennysheep_island_fort
D:15:     grunt_enter_depths_snipers, layout_gridville,
          nicolae_gozag_cash_rules_everything_around_me,
          nicolae_uskayaw_murder_on_the_dancefloor
Lair:1:   layout_regular_city, grunt_megastairs_4
Lair:2:   beast_lair_carwin_large_3, layout_gridlike, skrybe_swamp_entry_bodies,
          enter_volcano_3, minmay_stone_trees_small
Lair:3:   layout_cave_pods, dummy_spider_entry
Lair:4:   layout_roguey [special_room_mythical_zoo],
          nicolae_quartered_pool_impasse
Lair:5:   layout_roguey, slime_dummy
Lair:6:   hangedman_lair_in_review, layout_cave_pods, infiniplex_staircase_pool
Spider:1: layout_spider_delve, nicolae_spider_altar_of_dancing
Orc:1:    layout_caves, mines3_lemuel, uniq_sonja
Orc:2:    st_orc_open, layout_diamond_mine, elves_outpost_lemuel,
          uniq_saint_roka

Skill      XL: |  1  2  3  4  5  6  7  8  9 10 11 12 13 14 15 16 |
---------------+-------------------------------------------------+-----
Throwing       | 2 3 4 |  4.1
Armour         | 1 2 3 4 5 7 8 9 10 11 | 11.9
Dodging        | 3 4 5 6 7 8 9 10 11 12 | 12.3
Fighting       | 3 4 5 7 8 9 10 11 12 13 | 13.3
Evocations     | 1 3 5 6 7 9 10 11 12 | 12.3
Slings         | 1 3 4 5 7 8 9 10 11 | 11.3
Invocations    | 2 6 8 9 |  9.1
Shields        | 3 5 6 |  6.3
Axes           | |  2.6

Action                   |  1- 3 |  4- 6 |  7- 9 | 10-12 | 13-15 | 16-18 || total
-------------------------+-------+-------+-------+-------+-------+-------++-------
Melee: War axe           |    56 |    10 |     1 |       |       |       ||    67
       Tailslap          |     2 |       |       |       |    16 |       ||    18
       Rapier            |       |       |       |       |    41 |     1 ||    42
       Broad axe         |       |       |       |       |    19 |    10 ||    29
 Fire: Hunting sling     |    71 |    91 |   346 |   842 |   943 |       ||  2293
       Fustibalus        |       |       |       |       |   359 |   123 ||   482
Throw: Throwing net      |       |       |       |       |     4 |       ||     4
Invok: Ancestor Life: He |       |       |       |     1 |       |       ||     1
       Recall Ancestor   |       |       |       |       |     7 |       ||     7
Evoke: Wand              |       |       |       |     3 |     7 |       ||    10
       Phial of floods   |       |       |       |       |     1 |       ||     1
  Use: Scroll            |       |       |       |    13 |    17 |       ||    30
       Potion            |       |       |       |     1 |    14 |     2 ||    17
 Stab: Paralysed         |       |       |       |       |     1 |       ||     1
Armor: Leather armour    |    20 |       |       |     4 |   122 |       ||   146
       Ring mail         |    12 |    10 |    23 |       |       |       ||    45
       Steam dragon scal |       |       |    39 |    70 |       |       ||   109
       Acid dragon scale |       |       |       |    43 |       |       ||    43
       Chain mail        |       |       |       |     3 |       |       ||     3
       Plate armour      |       |       |       |       |   159 |   129 ||   288
Dodge: Dodged            |    71 |    31 |   182 |   251 |   267 |    79 ||   881
Block: Tower shield      |       |       |       |       |   339 |    92 ||   431

Table legend: (Time is in decaauts)
 A = Elapsed time spent in this place.
 B = Non-inter-level travel time spent in this place.
 C = Inter-level travel time spent in this place.
 D = Time resting spent in this place.
 E = Time spent auto-exploring this place.
 F = Levels seen in this place.
 G = Mean time per level.
                   A        B        C        D        E       F      G
               +--------+--------+--------+--------+--------+-----+--------+
         Total |  29440 |  27406 |   2034 |   1672 |  19277 |  27 | 1090.4 |
       Dungeon |  17645 |  16259 |   1386 |    922 |  12066 |  15 | 1176.3 |
          Lair |   6824 |   6310 |    514 |     71 |   4829 |   6 | 1137.3 |
   Spider Nest |    123 |    123 |      0 |      0 |     36 |   1 |  123.0 |
  Orcish Mines |   3101 |   2968 |    133 |    413 |   1581 |   2 | 1550.5 |
       Ossuary |    379 |    379 |      0 |      0 |    206 |   1 |  379.0 |
      Ice Cave |    672 |    672 |      0 |    138 |    274 |   1 |  672.0 |
       Volcano |    691 |    691 |      0 |    128 |    283 |   1 |  691.0 |
               +--------+--------+--------+--------+--------+-----+--------+

Top non-repeatable levels by time:
     D:6: 2050 daAuts
    D:10: 1940 daAuts
     D:1: 1883 daAuts
  Lair:6: 1730 daAuts
   Orc:1: 1647 daAuts
     D:8: 1585 daAuts
   Orc:2: 1454 daAuts
     D:3: 1269 daAuts
     D:5: 1216 daAuts
     D:2: 1215 daAuts
     D:7: 1166 daAuts
  Lair:2: 1082 daAuts
  Lair:4: 1068 daAuts
  Lair:3: 1050 daAuts
  Lair:5: 963 daAuts
